 Dungeon Crawl Stone Soup version 0.27.1-33-g824d729ab1 (webtiles) character file.

Game seed: 4582534306040381053

5899 Destapler the Fighter (level 10, -1/107 HPs)
             Began as a Troll Berserker on Dec 9, 2021.
             Was an Elder of Trog.
             Slain by a vampire (4 damage)
             ... on level 9 of the Dungeon.
             The game lasted 00:25:06 (8131 turns).

Destapler the Fighter (Troll Berserker)             Turns: 8131, Time: 00:25:06

Health: -1/107     AC: 11    Str: 28    XL:     10   Next: 53%
Magic:  0/9        EV: 11    Int:  4    God:    Trog [****..]
Gold:   440        SH:  0    Dex: 10    Spells: 9/9 levels left

rFire    + . .     SeeInvis .     - Unarmed
rCold    + . .     Faith    .   (no shield)
rNeg     . . .     Spirit   +   E - +0 acid dragon scales
rPois    .         Reflect  .   (helmet restricted)
rElec    .         Harm     .   n - +1 cloak
rCorr    +         Rampage  .   (gloves unavailable)
Will     ++...                  (boots unavailable)
Stlth    +.........             h - amulet of guardian spirit
HPRegen  2.27/turn              A - ring of protection from cold
MPRegen  0.11/turn              p - ring of protection from fire

@: strong-willed, on berserk cooldown, regenerating, slowed, studying Fighting,
very slow
A: large, unfitting armour, claws 3, regeneration 1, shaggy fur 1, tough skin 1,
antennae 1
a: Renounce Religion, Berserk, Trog's Hand, Brothers in Arms


You were on level 9 of the Dungeon.
You worshipped Trog.
Trog was greatly pleased with you.
You visited 1 branch of the dungeon, and saw 9 of its levels.
You also visited: Ossuary.

You collected 450 gold pieces.
You spent 10 gold pieces at shops.

Inventory:

Hand Weapons
 H - a +2 hand axe of electrocution
Missiles
 c - 15 poisoned darts
 B - 6 boomerangs (quivered)
 F - 6 curare-tipped darts
Armour
 n - a +1 cloak (worn)
 o - a +2 robe of the Archmagi
 E - +0 acid dragon scales (worn)
Jewellery
 h - an amulet of guardian spirit (around neck)
 p - a ring of protection from fire (right claw)
 A - a ring of protection from cold (left claw)
Wands
 a - a wand of digging (5)
 C - a wand of mindburst (3)
 D - a wand of charming (6)
 G - a wand of flame (13)
 I - a wand of polymorph (12)
Scrolls
 f - a scroll of immolation
 i - 7 scrolls of identify
 j - 2 scrolls of teleportation
 r - 3 scrolls of brand weapon {unknown}
 t - a scroll of fog
 u - 2 scrolls of enchant weapon {unknown}
 v - 2 scrolls of vulnerability {unknown}
 y - 2 scrolls of amnesia {unknown}
 z - a scroll of fear {unknown}
Potions
 b - a potion of berserk rage
 d - a potion of flight
 e - 4 potions of heal wounds
 g - 5 potions of curing
 k - 3 potions of lignification
 l - a potion of ambrosia {unknown}
 m - a potion of haste {unknown}
 q - 2 potions of magic {unknown}
 s - a potion of might {unknown}
 w - a potion of invisibility {unknown}


   Skills:
 * Level 9.2 Fighting
 + Level 6.7 Throwing
 + Level 3.7 Armour
 - Level 6.0 Dodging
 + Level 4.6 Shields
 - Level 3.0 Unarmed Combat
 - Level 4.0 Evocations


You had 9 spell levels left.
You didn't know any spells.
Your spell library contained the following spells:

 Spells                   Type           Power      Damage    Failure   Level
 Apportation              Tloc           0%         N/A       56%         1
 Foxfire                  Conj/Fire      0%         2x1d4     56%         1
 Sandblast                Erth           0%         2d4       56%         1
 Passwall                 Tmut/Erth      0%         N/A       71%         2
 Conjure Flame            Conj/Fire      0%         6-21      90%         3
 Inner Flame              Hex/Fire       0%         N/A       90%         3
 Lee's Rapid Deconstruct  Erth           0%         3d5*      100%        5


Dungeon Overview and Level Annotations

Branches:
Dungeon (9/15)             Temple (0/1) D:6         Ossuary (visited)
   Lair: D:8-11         Orc: D:9-12

Altars:
Vehumet

Shops:
D:4 **   D:6 ([?   D:8 (


Innate Abilities, Weirdness & Mutations

You are too large for most types of armour.
You have claws for hands.
Your natural rate of healing is unusually fast.
You are covered in fur. (AC +1)
You have tough skin. (AC +1)
You have a pair of small antennae on your head.


Message History

* * * LOW HITPOINT WARNING * * *
Something draws strength from your injuries!
You barely miss something. You closely miss something. Something hits you.
* * * LOW HITPOINT WARNING * * *
Something bites you.
* * * LOW HITPOINT WARNING * * *
Something draws strength from your injuries!
You barely miss something. Something hits you.
* * * LOW HITPOINT WARNING * * *
Something bites you but does no damage.
You completely miss something. You scratch something.
Something hits you but does no damage. Something bites you.
* * * LOW HITPOINT WARNING * * *
Something draws strength from your injuries!
You scratch something but do no damage.
You are no longer berserk.
You are exhausted.
You feel yourself slow down. Something hits you.
* * * LOW HITPOINT WARNING * * *
Something bites you but does no damage.
You claw something!
You feel the effects of Trog's Hand fading.
Something hits you but does no damage. Something bites you.
* * * LOW HITPOINT WARNING * * *
Something draws strength from your injuries!
You barely miss something. Something hits you but does no damage.
Something bites you!
* * * LOW HITPOINT WARNING * * *
Something draws strength from your injuries!
Something hits you.
* * * LOW HITPOINT WARNING * * *
Something bites you but does no damage.
Your skin crawls.
You feel strong-willed. Something hits you!
* * * LOW HITPOINT WARNING * * *
Something bites you.
You die...

.....#.......##
.....#..........
.....#..........
.....#......... .
.....#...<...##+####+#..
.....#.......#..).......
.....#.......#..........
.....'.....(.'.{........
.....#.......#.o@.......
.....#.......#..........
##...####'####..........
.....#.......#.###......
.....#.......#.# ......
.....#.......#.# ......
.....#.......#.# .....
#########. .....


You could see a friendly orc warrior (summoned).

Vanquished Creatures
  A two-headed ogre (D:9)
  Maggie (D:7)
  Sigmund (D:3)
  A wyvern (D:9)
  6 yaks (D:9)
  Grum (D:9)
  An orc warrior (D:8)
  4 sky beasts
  A hornet zombie (D:9)
  An ice beast (D:8)
  A black bear (D:7)
  2 ogres
  4 wolves (D:9)
  A phantom (D:7)
  2 kobold brigands
  A bullfrog (D:9)
  9 scorpions
  2 killer bees (D:9)
  7 howler monkeys
  A jelly (D:8)
  2 human zombies (Ossuary)
  A centaur skeleton (D:7)
  3 centaur zombies
  5 orc priests
  2 hounds
  A gnoll shaman (D:8)
  6 iguanas
  5 orc wizards
  3 scorpion zombies (Ossuary)
  Natasha (thrice) (D:2)
  3 mummies (Ossuary)
  A howler monkey zombie (D:6)
  A howler monkey skeleton (D:6)
  6 adders
  3 gnolls (D:8)
  2 white imps
  A worm (D:2)
  4 dart slugs
  30 orcs
  3 ball pythons
  5 bats
  8 endoplasms
  2 giant cockroaches
  A gnoll zombie (Ossuary)
  2 goblins
  8 hobgoblins
  3 jackals (D:1)
  7 kobolds
  3 quokkas
  10 frilled lizards
  3 goblin zombies (Ossuary)
  2 hobgoblin zombies (Ossuary)
  3 kobold zombies (Ossuary)
  An orc zombie (Ossuary)
  6 rats
197 creatures vanquished.

Vanquished Creatures (collateral kills)
  2 killer bees (D:9)
2 creatures vanquished.

Vanquished Creatures (others)
  3 fungi (D:2)
3 creatures vanquished.

Grand Total: 202 creatures vanquished

Notes
Turn   | Place    | Note
-------+----------+-------------------------------------------
     0 | D:1      | Destapler the Troll Berserker began the quest for the Orb.
     0 | D:1      | Reached XP level 1. HP: 22/22 MP: 0/0
    91 | D:1      | Reached XP level 2. HP: 29/29 MP: 1/1
   440 | D:1      | Reached skill level 3 in Fighting
   471 | D:1      | Reached XP level 3. HP: 37/37 MP: 2/2
   782 | D:2      | Noticed a scorpion
   789 | D:2      | Killed a scorpion
   790 | D:2      | Reached XP level 4. HP: 45/45 MP: 3/3
   899 | D:2      | Found a faded altar of an unknown god.
   907 | D:2      | Got Plato's Incunabulum of Translocation
   938 | D:2      | Reached skill level 1 in Throwing
   974 | D:2      | Reached ** piety under Trog
  1026 | D:2      | Reached skill level 1 in Armour
  1181 | D:2      | Reached XP level 5. HP: 47/53 MP: 4/4
  1288 | D:3      | Noticed Natasha
  1302 | D:2      | Killed Natasha
  1369 | D:2      | Noticed Natasha
  1374 | D:2      | Killed Natasha
  1681 | D:2      | Noticed Natasha
  1685 | D:2      | Killed Natasha
  1809 | D:2      | Found a faded altar of an unknown god.
  2374 | D:3      | Noticed Sigmund
  2425 | D:3      | Killed Sigmund
  2426 | D:3      | Reached XP level 6. HP: 31/62 MP: 5/5
  2566 | D:3      | Reached skill level 4 in Fighting
  2910 | D:4      | Found a sand-covered staircase.
  2919 | Ossuary  | Entered an ossuary
  2935 | Ossuary  | Reached XP level 7. HP: 66/70 MP: 6/6
  3099 | Ossuary  | Reached skill level 1 in Shields
  3099 | Ossuary  | Reached skill level 1 in Evocations
  3203 | Ossuary  | Reached XP level 8. HP: 79/79 MP: 7/7
  3743 | D:4      | Found Otwaifew's General Store.
  3747 | D:4      | Found Giedeadd's Specific Store.
  3753 | D:4      | Bought a potion of degeneration for 10 gold pieces
  3870 | D:5      | Entered Level 5 of the Dungeon
  4041 | D:5      | Reached *** piety under Trog
  4449 | D:5      | Reached skill level 5 in Throwing
  4581 | D:5      | Reached skill level 5 in Fighting
  4581 | D:5      | Reached skill level 5 in Dodging
  5028 | D:6      | Found Oclopsuch's Magic Scroll Emporium.
  5070 | D:6      | Gained mutation: You have a pair of small antennae on your
                  | head. [potion of mutation]
  5132 | D:6      | Found Lahips's Distillery.
  5148 | D:6      | Found a staircase to the Ecumenical Temple.
  5221 | D:6      | Found a radiant altar of Vehumet.
  5382 | D:6      | Found Kasiheab's Antique Armour Emporium.
  5785 | D:6      | Found Vameoked's Antique Weapon Emporium.
  5938 | D:7      | Reached XP level 9. HP: 88/88 MP: 8/8
  6169 | D:7      | Reached skill level 6 in Fighting
  6674 | D:7      | Noticed Maggie
  6690 | D:7      | Killed Maggie
  6834 | D:8      | Reached **** piety under Trog
  6852 | D:8      | Reached skill level 7 in Fighting
  6952 | D:8      | Found Qistonk's Antique Weapon Shop.
  7537 | D:9      | Reached XP level 10. HP: 91/104 MP: 6/9
  7546 | D:9      | Reached skill level 8 in Fighting
  7893 | D:9      | Noticed a two-headed ogre
  7907 | D:9      | Killed a two-headed ogre
  7991 | D:9      | Noticed Grum
  8002 | D:9      | Killed Grum
  8003 | D:9      | Reached skill level 9 in Fighting
  8130 | D:9      | HP: 5/107 [something (4)]
  8131 | D:9      | Slain by a vampire

Illustrated notes

Levels and vault maps discovered:
D:1:      mushboom_english_gardens, layout_basic, minmay_lizard_pond
D:2:      layout_loops_ring, shapermc_ecumenical_altar_rom_forum
D:3:      mumra_celtic_spiral_tile, layout_basic, minmay_unequal, uniq_natasha,
          uniq_sigmund
D:4:      layout_basic, nicolae_ossuary_entry_ruins, serial_bayou_pond_b,
          chequers_serial_rivers_small_b, nicolae_specific_store, minivault_27,
          kennysheep_another_room
D:5:      layout_basic, dk_noncrumbling_2
D:6:      layout_rooms, mainiacjoe_overflow_chevrons,
          minmay_temple_entry_steel_oval, serial_co_window_serial,
          co_window_paths_b, co_window_paths_b, co_window_paths_a,
          co_window_corner_a, co_window_paths_a, co_window_paths_a,
          co_window_corner_a, co_window_unsneaky_path_c, co_window_paths_c,
          co_window_cross_4, co_window_corner_b, co_window_corner_cb,
          serial_shops, shop, nicolae_lakefront_shop, shop,
          nicolae_shop_behind_doors
D:7:      layout_loops_corners, uniq_maggie
D:8:      layout_gridville, serial_shops, nicolae_shop_crystal
D:9:      layout_stronghold, uniq_grum

Skill      XL: |  1  2  3  4  5  6  7  8  9 10 |
---------------+-------------------------------+-----
Dodging        | 3 4 5 6 |  6.0
Fighting       | 3 4 5 7 9 |  9.2
Throwing       | 1 2 3 4 5 6 |  6.7
Armour         | 1 2 3 |  3.7
Shields        | 1 2 3 4 |  4.6
Evocations     | 1 2 3 4 |  4.0
Unarmed Combat | |  3.0

Action                   |  1- 3 |  4- 6 |  7- 9 | 10-12 || total
-------------------------+-------+-------+-------+-------++-------
Melee: Unarmed           |    95 |    70 |   348 |   106 ||   619
       Punch             |       |     1 |     5 |     5 ||    11
Throw: Dart              |     3 |    37 |    66 |    12 ||   118
       Boomerang         |       |       |    61 |    16 ||    77
Invok: Berserk           |     3 |     2 |     3 |     3 ||    11
       Trog's Hand       |       |     1 |     3 |     2 ||     6
Evoke: Wand              |       |       |     8 |     2 ||    10
  Use: Scroll            |       |     7 |     6 |     1 ||    14
       Potion            |       |       |     1 |     1 ||     2
 Stab: Sleeping          |       |     1 |       |       ||     1
Armor: Animal skin       |    28 |     9 |       |       ||    37
       Robe              |       |    26 |    99 |       ||   125
       Acid dragon scale |       |       |    30 |    60 ||    90
Dodge: Dodged            |    55 |    39 |   202 |    64 ||   360
